 Dungeon Crawl Stone Soup version 0.28-a0-429-g1448048969 (webtiles) character file.

Game seed: 11268101998698614292

1288 RepHenryClay the Cleaver (level 8, -7/87 HPs)
             Began as a Demonspawn Berserker on Sept 10, 2021.
             Was a Priest of Trog.
             Mangled by a hornet zombie (10 damage)
             ... on level 5 of the Dungeon.
             The game lasted 00:07:03 (5797 turns).

RepHenryClay the Cleaver (Demonspawn Berserker)     Turns: 5797, Time: 00:07:04

Health: -7/87      AC: 10    Str: 19    XL:     8   Next: 30%
Magic:  8/8        EV:  8    Int:  8    God:    Trog [***...]
Gold:   233        SH:  0    Dex: 16    Spells: 7/7 levels left

rFire   . . .      SeeInvis .   a - +0 hand axe
rCold   . . .      Faith    .   (no shield)
rNeg    . . .      Spirit   .   o - +0 chain mail
rPois   .          Reflect  .   (no helmet)
rElec   .          Harm     .   c - +0 cloak
rCorr   .          Rampage  .   (no gloves)
Will    ++...                   (no boots)
Stlth   ..........              (no amulet)
HPRegen 1.24/turn               (no ring)
MPRegen 0.11/turn               (no ring)

@: berserking, strong-willed, attractive, regenerating, very quick
A: claws 1, thin skeletal structure 1, powered by death 2
a: Renounce Religion, Berserk, Trog's Hand


You were on level 5 of the Dungeon.
You worshipped Trog.
Trog was most pleased with you.
You visited 1 branch of the dungeon, and saw 5 of its levels.

You collected 233 gold pieces.

Inventory:

Hand Weapons
 a - a +0 hand axe (weapon)
Armour
 c - a +0 cloak (worn)
 o - a +0 chain mail (worn)
 x - a +2 kite shield
 y - a +0 robe of resistance
Jewellery
 z - a ring of willpower
 A - an amulet of regeneration
Wands
 s - a wand of polymorph (11)
 v - a wand of paralysis (11)
Scrolls
 d - 6 scrolls of identify {unknown}
 f - a scroll of holy word {unknown}
 g - a scroll of teleportation {unknown}
 i - a scroll of blinking {unknown}
 l - a scroll of silence {unknown}
 m - a scroll of brand weapon {unknown}
 p - a scroll of amnesia {unknown}
 q - a scroll of fog {unknown}
 t - a scroll of torment {unknown}
 u - a scroll of fear {unknown}
 w - a scroll of noise {unknown}
Potions
 b - 2 potions of brilliance
 e - a potion of curing
 h - a potion of lignification {unknown}
 j - a potion of ambrosia {unknown}
 k - a potion of attraction
 n - a potion of magic {unknown}
 r - 2 potions of degeneration {unknown}
 B - a potion of invisibility {unknown}


   Skills:
 - Level 3.0 Fighting
 + Level 8.6 Axes
 + Level 4.7 Armour
 - Level 1.7 Dodging


You had 7 spell levels left.
You didn't know any spells.
Your spell library was empty.

Dungeon Overview and Level Annotations

Branches:
Dungeon (5/15)             Temple (0/1) D:4

Altars:


Innate Abilities, Weirdness & Mutations

You have sharp fingernails.
You have a somewhat thin skeletal structure. (Dex +2, Stealth+)
You regenerate health from kills.


Message History

The hornet zombie is heavily damaged.
The hornet zombie hits you! The hornet zombie hits you.
* * * LOW HITPOINT WARNING * * *
Huge Dmg: -21%(-12hp) hp: 33%(19hp)
You hit the hornet zombie but do no damage.
The hornet zombie is heavily damaged.
The hornet zombie hits you!
* * * LOW HITPOINT WARNING * * *
Huge Dmg: -10%(-6hp) hp: 23%(13hp)
You hit the hornet zombie.
The hornet zombie is severely damaged.
The hornet zombie hits you.
* * * LOW HITPOINT WARNING * * *
Huge Dmg: -10%(-6hp) hp: 13%(7hp)
You hit the hornet zombie.
The hornet zombie is severely damaged.
The hornet zombie barely misses you.
It was a potion of attraction.
You feel attractive to monsters. The hornet zombie closely misses you.
Your skin crawls.
You feel strong-willed.
The hornet zombie hits you but does no damage.
The hornet zombie hits you.
* * * LOW HITPOINT WARNING * * *
Huge Dmg: -4%(-2hp) hp: 9%(5hp)
A red film seems to cover your vision as you go berserk!
You feel yourself moving faster!
You feel mighty! The hornet zombie barely misses you.
You slash the hornet zombie!
The hornet zombie is almost destroyed.
You hit the hornet zombie.
The hornet zombie is almost destroyed.
The hornet zombie hits you!
* * * LOW HITPOINT WARNING * * *
Huge Dmg: -9%(-8hp) hp: 3%(2hp)
Your chain mail prevents you from hitting the hornet zombie.
The hornet zombie is almost destroyed.
The hornet zombie hits you!
You die...

#.#.####..###...###..#
..#[# #...#..#..#...#
###.# #.#...###.....#
#...# #.##.## ##...##
#.### #.#...###...##
#.# #...#..#..#..# #.#
#^.###...###.# #.#
#...#..#.Z#..# #.#
#.....###.@..# ..#
##.#### ###..# ### #.
#.## # # #.# # #$# #
#.# ..# .## ##


You could see a hornet zombie.

Vanquished Creatures
  A water moccasin (D:5)
  A necrophage (D:3)
  An orc warrior (D:4)
  2 ogres (D:5)
  2 phantoms (D:5)
  A scorpion (D:5)
  2 water moccasin zombies (D:5)
  2 hounds (D:5)
  An orc priest (D:3)
  2 centaur skeletons
  A gnoll shaman (D:5)
  3 orc wizards
  2 hound skeletons
  4 gnolls (D:5)
  12 adders
  An ufetubus (D:4)
  2 worms
  2 dart slugs
  17 orcs
  3 endoplasms
  3 giant cockroaches
  4 goblins
  7 hobgoblins
  A quokka (D:5)
  5 ball pythons
  7 bats
  5 frilled lizards
  3 kobolds
  4 rats
101 creatures vanquished.

Notes
Turn   | Place    | Note
-------+----------+-------------------------------------------
     0 | D:1      | RepHenryClay the Demonspawn Berserker began the quest for
                  | the Orb.
     0 | D:1      | Reached XP level 1. HP: 18/18 MP: 1/1
   192 | D:1      | Reached skill level 3 in Axes
   329 | D:1      | Gained mutation: You regenerate a little health from kills.
                  | [demonic ancestry]
   329 | D:1      | Reached XP level 2. HP: 24/24 MP: 2/2
   759 | D:1      | Found a faded altar of an unknown god.
  1003 | D:2      | Reached XP level 3. HP: 20/29 MP: 3/3
  1010 | D:2      | Reached ** piety under Trog
  1131 | D:2      | Reached skill level 4 in Axes
  1939 | D:3      | Reached XP level 4. HP: 22/35 MP: 4/4
  2087 | D:3      | Reached skill level 5 in Axes
  2318 | D:3      | Gained mutation: You regenerate health from kills. [demonic
                  | ancestry]
  2318 | D:3      | Reached XP level 5. HP: 37/41 MP: 5/5
  2588 | D:3      | Noticed a necrophage
  2604 | D:3      | Killed a necrophage
  2605 | D:3      | Reached skill level 6 in Axes
  3015 | D:4      | Reached XP level 6. HP: 46/47 MP: 6/6
  3124 | D:4      | Found a staircase to the Ecumenical Temple.
  3907 | D:4      | Noticed an orc warrior
  3924 | D:4      | Killed an orc warrior
  3925 | D:4      | Reached skill level 7 in Axes
  4184 | D:4      | Reached *** piety under Trog
  4271 | D:5      | Entered Level 5 of the Dungeon
  4294 | D:5      | Gained mutation: You have sharp fingernails. [demonic
                  | ancestry]
  4294 | D:5      | Reached XP level 7. HP: 35/52 MP: 7/7
  5184 | D:5      | Reached skill level 8 in Axes
  5325 | D:5      | Gained mutation: You have a somewhat thin skeletal
                  | structure. (Dex +2, Stealth+) [demonic ancestry]
  5325 | D:5      | Reached XP level 8. HP: 46/58 MP: 8/8
  5796 | D:5      | HP: 2/87 [hornet zombie (9)]
  5797 | D:5      | Mangled by a hornet zombie

Illustrated notes

Levels and vault maps discovered:
D:1:      giann_bridges, layout_basic, basic_ecumenical_altar, minmay_unequal
D:2:      layout_basic
D:3:      layout_loops_ring, chequers_mini_garden
D:4:      layout_basic, minmay_temple_entry_offerings, minmay_misc_feat_chi
D:5:      layout_loops_ring, serial_glass, glass_columns_a, glass_columns_a,
          glass_columns_b, due_unseen_surprise, feat_on_display,
          minmay_strange_pillars, minivault_27, kennysheep_opposing_triangles

Skill      XL: |  1  2  3  4  5  6  7 |
---------------+----------------------+-----
Axes           | 3 4 5 6 7 8 |  8.6
Armour         | 2 4 |  4.7
Fighting       | |  3.0
Dodging        | |  1.7

Action                   |  1- 3 |  4- 6 |  7- 9 || total
-------------------------+-------+-------+-------++-------
Melee: Hand axe          |   129 |   196 |   153 ||   478
Invok: Berserk           |       |     4 |     3 ||     7
       Trog's Hand       |       |       |     1 ||     1
  Use: Potion            |       |       |     3 ||     3
Armor: Ring mail         |    62 |     5 |       ||    67
       Animal skin       |     1 |       |       ||     1
       Chain mail        |       |   118 |    77 ||   195
Dodge: Dodged            |    85 |    66 |    55 ||   206

Table legend: (Time is in decaauts)
 A = Elapsed time spent in this place.
 B = Non-inter-level travel time spent in this place.
 C = Inter-level travel time spent in this place.
 D = Time resting spent in this place.
 E = Time spent auto-exploring this place.
 F = Levels seen in this place.
 G = Mean time per level.
                   A        B        C        D        E       F      G
               +--------+--------+--------+--------+--------+-----+--------+
         Total |   5839 |   5634 |    205 |   1365 |   3393 |   5 | 1167.8 |
       Dungeon |   5839 |   5634 |    205 |   1365 |   3393 |   5 | 1167.8 |
               +--------+--------+--------+--------+--------+-----+--------+

Top non-repeatable levels by time:
     D:5: 1487 daAuts
     D:4: 1341 daAuts
     D:3: 1193 daAuts
     D:1: 1001 daAuts
     D:2: 815 daAuts
